Workbook

Sheet RELATÓRIO
C5: PLANILHA FINANCEIRA
B8: RELATÓRIO 2025
B9: PERÍODO | C9: ENTRADA | D9: SAÍDA | E9: INVESTIMENTO | F9: SALDO
B10: JAN | C10: =SUMIF(JANEIRO!C:C,B10,JANEIRO!E:E) -> 0 | D10: =SUMIF(JANEIRO!H:H,B10,JANEIRO!J:J)+SUMIF(JANEIRO!R:R,B10,JANEIRO!U:U) -> 0 | E10: =SUMIF(JANEIRO!R:R,B10,JANEIRO!T:T) -> 0 | F10: =C10+E10-D10 -> 0
B11: FEV | C11: =SUMIF(FEVEREIRO!C:C,RELATÓRIO!B11,FEVEREIRO!E:E) -> 0 | D11: =SUMIF(FEVEREIRO!G:G,RELATÓRIO!B11,FEVEREIRO!J:J)+SUMIF(FEVEREIRO!M:M,RELATÓRIO!B11,FEVEREIRO!O:O)+SUMIF(FEVEREIRO!W:W,RELATÓRIO!B11,FEVEREIRO!Z:Z) -> 0 | E11: =SUMIF(FEVEREIRO!R:R,RELATÓRIO!B11,FEVEREIRO!T:T) -> 0 | F11: =C11+E11-D11 -> 0
B12: MAR | C12: =SUMIF(MARÇO!C:C,RELATÓRIO!B12,MARÇO!E:E) -> 0 | D12: =SUMIF(MARÇO!G:G,RELATÓRIO!B12,MARÇO!J:J)+SUMIF(MARÇO!M:M,RELATÓRIO!B12,MARÇO!O:O)+SUMIF(MARÇO!W:W,RELATÓRIO!B12,MARÇO!Z:Z) -> 0 | E12: =SUMIF(MARÇO!R:R,RELATÓRIO!B12,MARÇO!T:T) -> 0 | F12: =C12+E12-D12 -> 0
B13: ABR | C13: =SUMIF(ABRIL!C:C,RELATÓRIO!B13,ABRIL!E:E) -> 0 | D13: =SUMIF(ABRIL!H:H,RELATÓRIO!B13,ABRIL!J:J)+SUMIF(ABRIL!M:M,RELATÓRIO!B13,ABRIL!O:O)+SUMIF(ABRIL!W:W,RELATÓRIO!B13,ABRIL!Z:Z) -> 0 | E13: =SUMIF(ABRIL!R:R,RELATÓRIO!B13,ABRIL!T:T) -> 0 | F13: =C13+E13-D13 -> 0
B14: MAI | C14: =SUMIF(MAIO!C:C,RELATÓRIO!B14,MAIO!E:E) -> 0 | D14: =SUMIF(MAIO!H:H,RELATÓRIO!B14,MAIO!J:J)+SUMIF(MAIO!M:M,RELATÓRIO!B14,MAIO!O:O)+SUMIF(MAIO!W:W,RELATÓRIO!B14,MAIO!Z:Z) -> 0 | E14: =SUMIF(MAIO!R:R,RELATÓRIO!B14,MAIO!T:T) -> 0 | F14: =C14+E14-D14 -> 0
B15: JUN | C15: =SUMIF(JUNHO!C:C,RELATÓRIO!B15,JUNHO!E:E) -> 0 | D15: =SUMIF(JUNHO!H:H,RELATÓRIO!B15,JUNHO!J:J)+SUMIF(JUNHO!M:M,RELATÓRIO!B15,JUNHO!O:O)+SUMIF(JUNHO!W:W,RELATÓRIO!B15,JUNHO!Z:Z) -> 0 | E15: =SUMIF(JUNHO!R:R,RELATÓRIO!B15,JUNHO!T:T) -> 0 | F15: =C15+E15-D15 -> 0
B16: JUL | C16: =SUMIF(JULHO!C:C,RELATÓRIO!B16,JULHO!E:E) -> 0 | D16: =SUMIF(JULHO!H:H,RELATÓRIO!B16,JULHO!J:J)+SUMIF(JULHO!M:M,RELATÓRIO!B16,JULHO!O:O)+SUMIF(JULHO!W:W,RELATÓRIO!B16,JULHO!Z:Z) -> 0 | E16: =SUMIF(JULHO!R:R,RELATÓRIO!B16,JULHO!T:T) -> 0 | F16: =C16+E16-D16 -> 0
B17: AGO | C17: =SUMIF(AGOSTO!C:C,RELATÓRIO!B17,AGOSTO!E:E) -> 0 | D17: =SUMIF(AGOSTO!H:H,RELATÓRIO!B17,AGOSTO!J:J)+SUMIF(AGOSTO!M:M,RELATÓRIO!B17,AGOSTO!O:O)+SUMIF(AGOSTO!W:W,RELATÓRIO!B17,AGOSTO!Z:Z) -> 0 | E17: =SUMIF(AGOSTO!R:R,RELATÓRIO!B17,AGOSTO!T:T) -> 0 | F17: =C17+E17-D17 -> 0
B18: SET | C18: =SUMIF(SETEMBRO!C:C,RELATÓRIO!B18,SETEMBRO!E:E) -> 0 | D18: =SUMIF(SETEMBRO!H:H,RELATÓRIO!B18,SETEMBRO!J:J)+SUMIF(SETEMBRO!M:M,RELATÓRIO!B18,SETEMBRO!O:O)+SUMIF(SETEMBRO!W:W,RELATÓRIO!B18,SETEMBRO!Z:Z) -> 0 | E18: =SUMIF(SETEMBRO!R:R,RELATÓRIO!B18,SETEMBRO!T:T) -> 0 | F18: =C18+E18-D18 -> 0
B19: OUT | C19: =SUMIF(OUTUBRO!C:C,RELATÓRIO!B19,OUTUBRO!E:E) -> 0 | D19: =SUMIF(OUTUBRO!H:H,RELATÓRIO!B19,OUTUBRO!J:J)+SUMIF(OUTUBRO!M:M,RELATÓRIO!B19,OUTUBRO!O:O)+SUMIF(OUTUBRO!W:W,RELATÓRIO!B19,OUTUBRO!Z:Z) -> 0 | E19: =SUMIF(OUTUBRO!R:R,RELATÓRIO!B19,OUTUBRO!T:T) -> 0 | F19: =C19+E19-D19 -> 0
B20: NOV | C20: =SUMIF(NOVEMBRO!C:C,RELATÓRIO!B20,NOVEMBRO!E:E) -> 0 | D20: =SUMIF(NOVEMBRO!H:H,RELATÓRIO!B20,NOVEMBRO!J:J)+SUMIF(NOVEMBRO!M:M,RELATÓRIO!B20,NOVEMBRO!O:O)+SUMIF(NOVEMBRO!W:W,RELATÓRIO!B20,NOVEMBRO!Z:Z) -> 0 | E20: =SUMIF(NOVEMBRO!R:R,RELATÓRIO!B20,NOVEMBRO!T:T) -> 0 | F20: =C20+E20-D20 -> 0
B21: DEZ | C21: =SUMIF(DEZEMBRO!C:C,RELATÓRIO!B21,DEZEMBRO!E:E) -> 0 | D21: =SUMIF(DEZEMBRO!H:H,RELATÓRIO!B21,DEZEMBRO!J:J)+SUMIF(DEZEMBRO!M:M,RELATÓRIO!B21,DEZEMBRO!O:O)+SUMIF(DEZEMBRO!W:W,RELATÓRIO!B21,DEZEMBRO!Z:Z) -> 0 | E21: =SUMIF(DEZEMBRO!R:R,RELATÓRIO!B21,DEZEMBRO!T:T) -> 0 | F21: =C21+E21-D21 -> 0

Sheet JANEIRO
D5: PLANILHA FINANCEIRA
B15: RECEITAS | G15: DESPESAS FIXAS | L15: DESPESAS VARIÁVEIS | Q15: INVESTIMENTOS | BK15: FÓRMULA
B16: DATA | C16: MÊS | D16: DESCRIÇÃO | E16: VALOR | G16: DATA | H16: MÊS | I16: DESCRIÇÃO | J16: VALOR | L16: DATA | M16: MÊS | N16: DESCRIÇÃO | O16: VALOR | Q16: DATA | R16: MÊS | S16: DESCRIÇÃO | T16: VALOR | BJ16: ENTRADA/SAÍDA | BK16: SOMASES(CLICA NO VALOR DA COLUNA DE RECEITA; COLUNA DATA; DEPOIS SELECIONA O DIA NA TABELA DE ENTRADA SAÍDA)
B17: 45658 | C17: jan | D17: SALÁRIO | E17: 0 | G17: 45667 | H17: =TEXT(G17,"MMM") -> jan | I17: ALUGUEL | J17: 0 | L17: 45667 | M17: =TEXT(L17,"MMM") -> jan | N17: VIAGEM | O17: 0 | Q17: 45670 | R17: =TEXT(Q17,"MMM") -> jan | S17: TESOURO DIRETO | T17: 0 | BJ17: SALDO DO DIA | BK17: O QUE ELE TEM DE ENTRADA CONTRA O DE SAÍDA
B18: 45672 | C18: =TEXT(B18,"MMM") -> jan | D18: RENDA EXTRA | E18: 0 | G18: 45669 | H18: =TEXT(G18,"MMM") -> jan | I18: INVESTIMENTO | J18: 0 | L18: 45669 | M18: =TEXT(L18,"MMM") -> jan | N18: CAFÉ | O18: 0 | Q18: 45674 | R18: =TEXT(Q18,"MMM") -> jan | S18: CDB | T18: 0 | BJ18: CAIXA | BK18: SALDO INICIAL-SALDO DO DIA
C19: =TEXT(B19,"MMM") -> jan | G19: 45662 | H19: =TEXT(G19,"MMM") -> jan | I19: LUZ | J19: 0 | M19: =TEXT(L19,"MMM") -> jan | N19: UBER | O19: 0 | Q19: 45682 | R19: =TEXT(Q19,"MMM") -> jan | S19: FUNDO IMOBILIÁRIO | T19: 0 | BJ19: PROX DIA | BK19: SALDO CAIXA ANTERIOR-SALDO DIA ATUAL
C20: =TEXT(B20,"MMM") -> jan | H20: =TEXT(G20,"MMM") -> jan | M20: =TEXT(L20,"MMM") -> jan | R20: =TEXT(Q20,"MMM") -> jan
C21: =TEXT(B21,"MMM") -> jan | H21: =TEXT(G21,"MMM") -> jan | M21: =TEXT(L21,"MMM") -> jan | R21: =TEXT(Q21,"MMM") -> jan
C22: =TEXT(B22,"MMM") -> jan | H22: =TEXT(G22,"MMM") -> jan | M22: =TEXT(L22,"MMM") -> jan | R22: =TEXT(Q22,"MMM") -> jan
C23: =TEXT(B23,"MMM") -> jan | H23: =TEXT(G23,"MMM") -> jan | M23: =TEXT(L23,"MMM") -> jan | R23: =TEXT(Q23,"MMM") -> jan
C24: =TEXT(B24,"MMM") -> jan | H24: =TEXT(G24,"MMM") -> jan | M24: =TEXT(L24,"MMM") -> jan | R24: =TEXT(Q24,"MMM") -> jan
C25: =TEXT(B25,"MMM") -> jan | H25: =TEXT(G25,"MMM") -> jan | M25: =TEXT(L25,"MMM") -> jan | R25: =TEXT(Q25,"MMM") -> jan
C26: =TEXT(B26,"MMM") -> jan | H26: =TEXT(G26,"MMM") -> jan | M26: =TEXT(L26,"MMM") -> jan | R26: =TEXT(Q26,"MMM") -> jan
C27: =TEXT(B27,"MMM") -> jan | H27: =TEXT(G27,"MMM") -> jan | M27: =TEXT(L27,"MMM") -> jan | R27: =TEXT(Q27,"MMM") -> jan
C28: =TEXT(B28,"MMM") -> jan | H28: =TEXT(G28,"MMM") -> jan | M28: =TEXT(L28,"MMM") -> jan | R28: =TEXT(Q28,"MMM") -> jan
C29: =TEXT(B29,"MMM") -> jan | H29: =TEXT(G29,"MMM") -> jan | M29: =TEXT(L29,"MMM") -> jan | R29: =TEXT(Q29,"MMM") -> jan
C30: =TEXT(B30,"MMM") -> jan | H30: =TEXT(G30,"MMM") -> jan | M30: =TEXT(L30,"MMM") -> jan | R30: =TEXT(Q30,"MMM") -> jan
C31: =TEXT(B31,"MMM") -> jan | H31: =TEXT(G31,"MMM") -> jan | M31: =TEXT(L31,"MMM") -> jan | R31: =TEXT(Q31,"MMM") -> jan
... C70: =TEXT(B70,"MMM") -> jan | H70: =TEXT(G70,"MMM") -> jan | M70: =TEXT(L70,"MMM") -> jan | R70: =TEXT(Q70,"MMM") -> jan

Sheet FEVEREIRO
D5: PLANILHA FINANCEIRA
B16: RECEITAS | G16: DESPESAS FIXAS | L16: DESPESAS VARIÁVEIS | Q16: INVESTIMENTOS
B17: DATA | C17: MÊS | D17: DESCRIÇÃO | E17: VALOR | G17: DATA | H17: MÊS | I17: DESCRIÇÃO | J17: VALOR | L17: DATA | M17: MÊS | N17: DESCRIÇÃO | O17: VALOR | Q17: DATA | R17: MÊS | S17: DESCRIÇÃO | T17: VALOR
B18: 45691 | C18: =TEXT(B18,"MMM") -> fev | D18: SALÁRIO | E18: 0 | G18: 45698 | H18: =TEXT(G18,"MMM") -> fev | I18: ALUGUEL | J18: 0 | L18: 45699 | M18: =TEXT(L18,"MMM") -> fev | N18: VIAGEM | O18: 0 | Q18: 45701 | R18: =TEXT(Q18,"MMM") -> fev | S18: TESOURO DIRETO | T18: 0
B19: 45695 | C19: =TEXT(B19,"MMM") -> fev | D19: RENDA EXTRA | E19: 0 | G19: 45700 | H19: =TEXT(G19,"MMM") -> fev | I19: INVESTIMENTO | J19: 0 | L19: 45705 | M19: =TEXT(L19,"MMM") -> fev | N19: CAFÉ | O19: 0 | Q19: 45705 | R19: =TEXT(Q19,"MMM") -> fev | S19: CDB | T19: 0
C20: =TEXT(B20,"MMM") -> jan | G20: 45693 | H20: =TEXT(G20,"MMM") -> fev | I20: LUZ | J20: 0 | M20: =TEXT(L20,"MMM") -> jan | Q20: 45713 | R20: =TEXT(Q20,"MMM") -> fev | S20: FUNDO IMOBILIÁRIO | T20: 0
C21: =TEXT(B21,"MMM") -> jan | H21: =TEXT(G21,"MMM") -> jan | M21: =TEXT(L21,"MMM") -> jan | R21: =TEXT(Q21,"MMM") -> jan
C22: =TEXT(B22,"MMM") -> jan | H22: =TEXT(G22,"MMM") -> jan | M22: =TEXT(L22,"MMM") -> jan | R22: =TEXT(Q22,"MMM") -> jan
C23: =TEXT(B23,"MMM") -> jan | H23: =TEXT(G23,"MMM") -> jan | M23: =TEXT(L23,"MMM") -> jan | R23: =TEXT(Q23,"MMM") -> jan
C24: =TEXT(B24,"MMM") -> jan | H24: =TEXT(G24,"MMM") -> jan | M24: =TEXT(L24,"MMM") -> jan | R24: =TEXT(Q24,"MMM") -> jan
C25: =TEXT(B25,"MMM") -> jan | H25: =TEXT(G25,"MMM") -> jan | M25: =TEXT(L25,"MMM") -> jan | R25: =TEXT(Q25,"MMM") -> jan
C26: =TEXT(B26,"MMM") -> jan | H26: =TEXT(G26,"MMM") -> jan | M26: =TEXT(L26,"MMM") -> jan | R26: =TEXT(Q26,"MMM") -> jan
C27: =TEXT(B27,"MMM") -> jan | H27: =TEXT(G27,"MMM") -> jan | M27: =TEXT(L27,"MMM") -> jan | R27: =TEXT(Q27,"MMM") -> jan
C28: =TEXT(B28,"MMM") -> jan | H28: =TEXT(G28,"MMM") -> jan | M28: =TEXT(L28,"MMM") -> jan | R28: =TEXT(Q28,"MMM") -> jan
C29: =TEXT(B29,"MMM") -> jan | H29: =TEXT(G29,"MMM") -> jan | M29: =TEXT(L29,"MMM") -> jan | R29: =TEXT(Q29,"MMM") -> jan
C30: =TEXT(B30,"MMM") -> jan | H30: =TEXT(G30,"MMM") -> jan | M30: =TEXT(L30,"MMM") -> jan | R30: =TEXT(Q30,"MMM") -> jan
C31: =TEXT(B31,"MMM") -> jan | H31: =TEXT(G31,"MMM") -> jan | M31: =TEXT(L31,"MMM") -> jan | R31: =TEXT(Q31,"MMM") -> jan
C32: =TEXT(B32,"MMM") -> jan | H32: =TEXT(G32,"MMM") -> jan | M32: =TEXT(L32,"MMM") -> jan | R32: =TEXT(Q32,"MMM") -> jan
... C71: =TEXT(B71,"MMM") -> jan | H71: =TEXT(G71,"MMM") -> jan | M71: =TEXT(L71,"MMM") -> jan | R71: =TEXT(Q71,"MMM") -> jan

Sheet MARÇO
D5: PLANILHA FINANCEIRA
B16: RECEITAS | G16: DESPESAS FIXAS | L16: DESPESAS VARIÁVEIS | Q16: INVESTIMENTOS
B17: DATA | C17: MÊS | D17: DESCRIÇÃO | E17: VALOR | G17: DATA | H17: MÊS | I17: DESCRIÇÃO | J17: VALOR | L17: DATA | M17: MÊS | N17: DESCRIÇÃO | O17: VALOR | Q17: DATA | R17: MÊS | S17: DESCRIÇÃO | T17: VALOR
B18: 45719 | C18: =TEXT(B18,"MMM") -> mar | D18: SALÁRIO | E18: 0 | G18: 45726 | H18: =TEXT(G18,"MMM") -> mar | I18: ALUGUEL | J18: 0 | L18: 45727 | M18: =TEXT(L18,"MMM") -> mar | N18: VIAGEM | O18: 0 | Q18: 45729 | R18: =TEXT(Q18,"MMM") -> mar | S18: TESOURO DIRETO | T18: 0
B19: 45723 | C19: =TEXT(B19,"MMM") -> mar | D19: RENDA EXTRA | E19: 0 | G19: 45728 | H19: =TEXT(G19,"MMM") -> mar | I19: INVESTIMENTO | J19: 0 | L19: 45733 | M19: =TEXT(L19,"MMM") -> mar | N19: CAFÉ | O19: 0 | Q19: 45733 | R19: =TEXT(Q19,"MMM") -> mar | S19: CDB | T19: 0
G20: 45721 | H20: =TEXT(G20,"MMM") -> mar | I20: LUZ | J20: 0 | M20: =TEXT(L20,"MMM") -> jan | Q20: 45741 | R20: =TEXT(Q20,"MMM") -> mar | S20: FUNDO IMOBILIÁRIO | T20: 0
C21: =TEXT(B21,"MMM") -> jan | H21: =TEXT(G21,"MMM") -> jan | M21: =TEXT(L21,"MMM") -> jan | R21: =TEXT(Q21,"MMM") -> jan
C22: =TEXT(B22,"MMM") -> jan | H22: =TEXT(G22,"MMM") -> jan | M22: =TEXT(L22,"MMM") -> jan | R22: =TEXT(Q22,"MMM") -> jan
C23: =TEXT(B23,"MMM") -> jan | H23: =TEXT(G23,"MMM") -> jan | M23: =TEXT(L23,"MMM") -> jan | R23: =TEXT(Q23,"MMM") -> jan
C24: =TEXT(B24,"MMM") -> jan | H24: =TEXT(G24,"MMM") -> jan | M24: =TEXT(L24,"MMM") -> jan | R24: =TEXT(Q24,"MMM") -> jan
C25: =TEXT(B25,"MMM") -> jan | H25: =TEXT(G25,"MMM") -> jan | M25: =TEXT(L25,"MMM") -> jan | R25: =TEXT(Q25,"MMM") -> jan
C26: =TEXT(B26,"MMM") -> jan | H26: =TEXT(G26,"MMM") -> jan | M26: =TEXT(L26,"MMM") -> jan | R26: =TEXT(Q26,"MMM") -> jan
C27: =TEXT(B27,"MMM") -> jan | H27: =TEXT(G27,"MMM") -> jan | M27: =TEXT(L27,"MMM") -> jan | R27: =TEXT(Q27,"MMM") -> jan
C28: =TEXT(B28,"MMM") -> jan | H28: =TEXT(G28,"MMM") -> jan | M28: =TEXT(L28,"MMM") -> jan | R28: =TEXT(Q28,"MMM") -> jan
C29: =TEXT(B29,"MMM") -> jan | H29: =TEXT(G29,"MMM") -> jan | M29: =TEXT(L29,"MMM") -> jan | R29: =TEXT(Q29,"MMM") -> jan
C30: =TEXT(B30,"MMM") -> jan | H30: =TEXT(G30,"MMM") -> jan | M30: =TEXT(L30,"MMM") -> jan | R30: =TEXT(Q30,"MMM") -> jan
C31: =TEXT(B31,"MMM") -> jan | H31: =TEXT(G31,"MMM") -> jan | M31: =TEXT(L31,"MMM") -> jan | R31: =TEXT(Q31,"MMM") -> jan
C32: =TEXT(B32,"MMM") -> jan | H32: =TEXT(G32,"MMM") -> jan | M32: =TEXT(L32,"MMM") -> jan | R32: =TEXT(Q32,"MMM") -> jan
... C71: =TEXT(B71,"MMM") -> jan | H71: =TEXT(G71,"MMM") -> jan | M71: =TEXT(L71,"MMM") -> jan | R71: =TEXT(Q71,"MMM") -> jan

Sheet ABRIL
D5: PLANILHA FINANCEIRA
B16: RECEITAS | G16: DESPESAS FIXAS | L16: DESPESAS VARIÁVEIS | Q16: INVESTIMENTOS
B17: DATA | C17: MÊS | D17: DESCRIÇÃO | E17: VALOR | G17: DATA | H17: MÊS | I17: DESCRIÇÃO | J17: VALOR | L17: DATA | M17: MÊS | N17: DESCRIÇÃO | O17: VALOR | Q17: DATA | R17: MÊS | S17: DESCRIÇÃO | T17: VALOR
B18: 45748 | C18: =TEXT(B18,"MMM") -> abr | D18: SALÁRIO | E18: 0 | G18: 45757 | H18: =TEXT(G18,"MMM") -> abr | I18: ALUGUEL | J18: 0 | L18: 45750 | M18: =TEXT(L18,"MMM") -> abr | N18: VIAGEM | O18: 0 | Q18: 45761 | R18: =TEXT(Q18,"MMM") -> abr | S18: TESOURO DIRETO | T18: 0
B19: 45754 | C19: =TEXT(B19,"MMM") -> abr | D19: RENDA EXTRA | E19: 0 | G19: 45761 | H19: =TEXT(G19,"MMM") -> abr | I19: INVESTIMENTO | J19: 0 | L19: 45765 | M19: =TEXT(L19,"MMM") -> abr | N19: CAFÉ | O19: 0 | Q19: 45764 | R19: =TEXT(Q19,"MMM") -> abr | S19: CDB | T19: 0
C20: =TEXT(B20,"MMM") -> jan | G20: 45754 | H20: =TEXT(G20,"MMM") -> abr | I20: LUZ | J20: 0 | M20: =TEXT(L20,"MMM") -> jan | Q20: 45772 | R20: =TEXT(Q20,"MMM") -> abr | S20: FUNDO IMOBILIÁRIO | T20: 0
C21: =TEXT(B21,"MMM") -> jan | H21: =TEXT(G21,"MMM") -> jan | M21: =TEXT(L21,"MMM") -> jan | R21: =TEXT(Q21,"MMM") -> jan
C22: =TEXT(B22,"MMM") -> jan | H22: =TEXT(G22,"MMM") -> jan | M22: =TEXT(L22,"MMM") -> jan | R22: =TEXT(Q22,"MMM") -> jan
C23: =TEXT(B23,"MMM") -> jan | H23: =TEXT(G23,"MMM") -> jan | M23: =TEXT(L23,"MMM") -> jan | R23: =TEXT(Q23,"MMM") -> jan
C24: =TEXT(B24,"MMM") -> jan | H24: =TEXT(G24,"MMM") -> jan | M24: =TEXT(L24,"MMM") -> jan | R24: =TEXT(Q24,"MMM") -> jan
C25: =TEXT(B25,"MMM") -> jan | H25: =TEXT(G25,"MMM") -> jan | M25: =TEXT(L25,"MMM") -> jan | R25: =TEXT(Q25,"MMM") -> jan
C26: =TEXT(B26,"MMM") -> jan | H26: =TEXT(G26,"MMM") -> jan | M26: =TEXT(L26,"MMM") -> jan | R26: =TEXT(Q26,"MMM") -> jan
C27: =TEXT(B27,"MMM") -> jan | H27: =TEXT(G27,"MMM") -> jan | M27: =TEXT(L27,"MMM") -> jan | R27: =TEXT(Q27,"MMM") -> jan
C28: =TEXT(B28,"MMM") -> jan | H28: =TEXT(G28,"MMM") -> jan | M28: =TEXT(L28,"MMM") -> jan | R28: =TEXT(Q28,"MMM") -> jan
C29: =TEXT(B29,"MMM") -> jan | H29: =TEXT(G29,"MMM") -> jan | M29: =TEXT(L29,"MMM") -> jan | R29: =TEXT(Q29,"MMM") -> jan
C30: =TEXT(B30,"MMM") -> jan | H30: =TEXT(G30,"MMM") -> jan | M30: =TEXT(L30,"MMM") -> jan | R30: =TEXT(Q30,"MMM") -> jan
C31: =TEXT(B31,"MMM") -> jan | H31: =TEXT(G31,"MMM") -> jan | M31: =TEXT(L31,"MMM") -> jan | R31: =TEXT(Q31,"MMM") -> jan
C32: =TEXT(B32,"MMM") -> jan | H32: =TEXT(G32,"MMM") -> jan | M32: =TEXT(L32,"MMM") -> jan | R32: =TEXT(Q32,"MMM") -> jan
... C71: =TEXT(B71,"MMM") -> jan | H71: =TEXT(G71,"MMM") -> jan | M71: =TEXT(L71,"MMM") -> jan | R71: =TEXT(Q71,"MMM") -> jan

Sheet MAIO
D5: PLANILHA FINANCEIRA
B16: RECEITAS | G16: DESPESAS FIXAS | L16: DESPESAS VARIÁVEIS | Q16: INVESTIMENTOS
B17: DATA | C17: MÊS | D17: DESCRIÇÃO | E17: VALOR | G17: DATA | H17: MÊS | I17: DESCRIÇÃO | J17: VALOR | L17: DATA | M17: MÊS | N17: DESCRIÇÃO | O17: VALOR | Q17: DATA | R17: MÊS | S17: DESCRIÇÃO | T17: VALOR
B18: 45778 | C18: =TEXT(B18,"MMM") -> mai | D18: SALÁRIO | E18: 0 | G18: 45789 | H18: =TEXT(G18,"MMM") -> mai | I18: ALUGUEL | J18: 0 | L18: 45796 | M18: =TEXT(L18,"MMM") -> mai | N18: VIAGEM | O18: 0 | Q18: 45791 | R18: =TEXT(Q18,"MMM") -> mai | S18: TESOURO DIRETO | T18: 0
B19: 45784 | C19: =TEXT(B19,"MMM") -> mai | D19: RENDA EXTRA | E19: 0 | G19: 45792 | H19: =TEXT(G19,"MMM") -> mai | I19: INVESTIMENTO | J19: 0 | L19: 45778 | M19: =TEXT(L19,"MMM") -> mai | N19: CAFÉ | O19: 0 | Q19: 45796 | R19: =TEXT(Q19,"MMM") -> mai | S19: CDB | T19: 0
C20: =TEXT(B20,"MMM") -> jan | G20: 45784 | H20: =TEXT(G20,"MMM") -> mai | I20: LUZ | J20: 0 | M20: =TEXT(L20,"MMM") -> jan | Q20: 45803 | R20: =TEXT(Q20,"MMM") -> mai | S20: FUNDO IMOBILIÁRIO | T20: 0
C21: =TEXT(B21,"MMM") -> jan | H21: =TEXT(G21,"MMM") -> jan | M21: =TEXT(L21,"MMM") -> jan | R21: =TEXT(Q21,"MMM") -> jan
C22: =TEXT(B22,"MMM") -> jan | H22: =TEXT(G22,"MMM") -> jan | M22: =TEXT(L22,"MMM") -> jan | R22: =TEXT(Q22,"MMM") -> jan
C23: =TEXT(B23,"MMM") -> jan | H23: =TEXT(G23,"MMM") -> jan | M23: =TEXT(L23,"MMM") -> jan | R23: =TEXT(Q23,"MMM") -> jan
C24: =TEXT(B24,"MMM") -> jan | H24: =TEXT(G24,"MMM") -> jan | M24: =TEXT(L24,"MMM") -> jan | R24: =TEXT(Q24,"MMM") -> jan
C25: =TEXT(B25,"MMM") -> jan | H25: =TEXT(G25,"MMM") -> jan | M25: =TEXT(L25,"MMM") -> jan | R25: =TEXT(Q25,"MMM") -> jan
C26: =TEXT(B26,"MMM") -> jan | H26: =TEXT(G26,"MMM") -> jan | M26: =TEXT(L26,"MMM") -> jan | R26: =TEXT(Q26,"MMM") -> jan
C27: =TEXT(B27,"MMM") -> jan | H27: =TEXT(G27,"MMM") -> jan | M27: =TEXT(L27,"MMM") -> jan | R27: =TEXT(Q27,"MMM") -> jan
C28: =TEXT(B28,"MMM") -> jan | H28: =TEXT(G28,"MMM") -> jan | M28: =TEXT(L28,"MMM") -> jan | R28: =TEXT(Q28,"MMM") -> jan
C29: =TEXT(B29,"MMM") -> jan | H29: =TEXT(G29,"MMM") -> jan | M29: =TEXT(L29,"MMM") -> jan | R29: =TEXT(Q29,"MMM") -> jan
C30: =TEXT(B30,"MMM") -> jan | H30: =TEXT(G30,"MMM") -> jan | M30: =TEXT(L30,"MMM") -> jan | R30: =TEXT(Q30,"MMM") -> jan
C31: =TEXT(B31,"MMM") -> jan | H31: =TEXT(G31,"MMM") -> jan | M31: =TEXT(L31,"MMM") -> jan | R31: =TEXT(Q31,"MMM") -> jan
C32: =TEXT(B32,"MMM") -> jan | H32: =TEXT(G32,"MMM") -> jan | M32: =TEXT(L32,"MMM") -> jan | R32: =TEXT(Q32,"MMM") -> jan
... C71: =TEXT(B71,"MMM") -> jan | H71: =TEXT(G71,"MMM") -> jan | M71: =TEXT(L71,"MMM") -> jan | R71: =TEXT(Q71,"MMM") -> jan

Sheet JUNHO
D5: PLANILHA FINANCEIRA
B16: RECEITAS | G16: DESPESAS FIXAS | L16: DESPESAS VARIÁVEIS | Q16: INVESTIMENTOS
B17: DATA | C17: MÊS | D17: DESCRIÇÃO | E17: VALOR | G17: DATA | H17: MÊS | I17: DESCRIÇÃO | J17: VALOR | L17: DATA | M17: MÊS | N17: DESCRIÇÃO | O17: VALOR | Q17: DATA | R17: MÊS | S17: DESCRIÇÃO | T17: VALOR
B18: 45810 | C18: =TEXT(B18,"MMM") -> jun | D18: SALÁRIO | E18: 0 | G18: 45818 | H18: =TEXT(G18,"MMM") -> jun | I18: ALUGUEL | J18: 0 | L18: 45826 | M18: =TEXT(L18,"MMM") -> jun | N18: VIAGEM | O18: 0 | Q18: 45824 | R18: =TEXT(Q18,"MMM") -> jun | S18: TESOURO DIRETO | T18: 0
B19: 45817 | C19: =TEXT(B19,"MMM") -> jun | D19: RENDA EXTRA | E19: 0 | G19: 45824 | H19: =TEXT(G19,"MMM") -> jun | I19: INVESTIMENTO | J19: 0 | L19: 45828 | M19: =TEXT(L19,"MMM") -> jun | N19: CAFÉ | O19: 0 | Q19: 45828 | R19: =TEXT(Q19,"MMM") -> jun | S19: CDB | T19: 0
C20: =TEXT(B20,"MMM") -> jan | G20: 45813 | H20: =TEXT(G20,"MMM") -> jun | I20: LUZ | J20: 0 | M20: =TEXT(L20,"MMM") -> jan | Q20: 45838 | R20: =TEXT(Q20,"MMM") -> jun | S20: FUNDO IMOBILIÁRIO | T20: 0
C21: =TEXT(B21,"MMM") -> jan | H21: =TEXT(G21,"MMM") -> jan | M21: =TEXT(L21,"MMM") -> jan | R21: =TEXT(Q21,"MMM") -> jan
C22: =TEXT(B22,"MMM") -> jan | H22: =TEXT(G22,"MMM") -> jan | M22: =TEXT(L22,"MMM") -> jan | R22: =TEXT(Q22,"MMM") -> jan
C23: =TEXT(B23,"MMM") -> jan | H23: =TEXT(G23,"MMM") -> jan | M23: =TEXT(L23,"MMM") -> jan | R23: =TEXT(Q23,"MMM") -> jan
C24: =TEXT(B24,"MMM") -> jan | H24: =TEXT(G24,"MMM") -> jan | M24: =TEXT(L24,"MMM") -> jan | R24: =TEXT(Q24,"MMM") -> jan
C25: =TEXT(B25,"MMM") -> jan | H25: =TEXT(G25,"MMM") -> jan | M25: =TEXT(L25,"MMM") -> jan | R25: =TEXT(Q25,"MMM") -> jan
C26: =TEXT(B26,"MMM") -> jan | H26: =TEXT(G26,"MMM") -> jan | M26: =TEXT(L26,"MMM") -> jan | R26: =TEXT(Q26,"MMM") -> jan
C27: =TEXT(B27,"MMM") -> jan | H27: =TEXT(G27,"MMM") -> jan | M27: =TEXT(L27,"MMM") -> jan | R27: =TEXT(Q27,"MMM") -> jan
C28: =TEXT(B28,"MMM") -> jan | H28: =TEXT(G28,"MMM") -> jan | M28: =TEXT(L28,"MMM") -> jan | R28: =TEXT(Q28,"MMM") -> jan
C29: =TEXT(B29,"MMM") -> jan | H29: =TEXT(G29,"MMM") -> jan | M29: =TEXT(L29,"MMM") -> jan | R29: =TEXT(Q29,"MMM") -> jan
C30: =TEXT(B30,"MMM") -> jan | H30: =TEXT(G30,"MMM") -> jan | M30: =TEXT(L30,"MMM") -> jan | R30: =TEXT(Q30,"MMM") -> jan
C31: =TEXT(B31,"MMM") -> jan | H31: =TEXT(G31,"MMM") -> jan | M31: =TEXT(L31,"MMM") -> jan | R31: =TEXT(Q31,"MMM") -> jan
C32: =TEXT(B32,"MMM") -> jan | H32: =TEXT(G32,"MMM") -> jan | M32: =TEXT(L32,"MMM") -> jan | R32: =TEXT(Q32,"MMM") -> jan
... C71: =TEXT(B71,"MMM") -> jan | H71: =TEXT(G71,"MMM") -> jan | M71: =TEXT(L71,"MMM") -> jan | R71: =TEXT(Q71,"MMM") -> jan

Sheet JULHO
D5: PLANILHA FINANCEIRA
B16: RECEITAS | G16: DESPESAS FIXAS | L16: DESPESAS VARIÁVEIS | Q16: INVESTIMENTOS
B17: DATA | C17: MÊS | D17: DESCRIÇÃO | E17: VALOR | G17: DATA | H17: MÊS | I17: DESCRIÇÃO | J17: VALOR | L17: DATA | M17: MÊS | N17: DESCRIÇÃO | O17: VALOR | Q17: DATA | R17: MÊS | S17: DESCRIÇÃO | T17: VALOR
B18: 45839 | C18: =TEXT(B18,"MMM") -> jul | D18: SALÁRIO | E18: 0 | G18: 45848 | H18: =TEXT(G18,"MMM") -> jul | I18: ALUGUEL | J18: 0 | L18: 45850 | M18: =TEXT(L18,"MMM") -> jul | N18: VIAGEM | O18: 0 | Q18: 45852 | R18: =TEXT(Q18,"MMM") -> jul | S18: TESOURO DIRETO | T18: 0
B19: 45845 | C19: =TEXT(B19,"MMM") -> jul | D19: RENDA EXTRA | E19: 0 | G19: 45853 | H19: =TEXT(G19,"MMM") -> jul | I19: INVESTIMENTO | J19: 0 | L19: 45851 | M19: =TEXT(L19,"MMM") -> jul | N19: CAFÉ | O19: 0 | Q19: 45855 | R19: =TEXT(Q19,"MMM") -> jul | S19: CDB | T19: 0
C20: =TEXT(B20,"MMM") -> jan | G20: 45845 | H20: =TEXT(G20,"MMM") -> jul | I20: LUZ | J20: 0 | M20: =TEXT(L20,"MMM") -> jan | Q20: 45861 | R20: =TEXT(Q20,"MMM") -> jul | S20: FUNDO IMOBILIÁRIO | T20: 0
C21: =TEXT(B21,"MMM") -> jan | H21: =TEXT(G21,"MMM") -> jan | M21: =TEXT(L21,"MMM") -> jan | R21: =TEXT(Q21,"MMM") -> jan
C22: =TEXT(B22,"MMM") -> jan | H22: =TEXT(G22,"MMM") -> jan | M22: =TEXT(L22,"MMM") -> jan | R22: =TEXT(Q22,"MMM") -> jan
C23: =TEXT(B23,"MMM") -> jan | H23: =TEXT(G23,"MMM") -> jan | M23: =TEXT(L23,"MMM") -> jan | R23: =TEXT(Q23,"MMM") -> jan
C24: =TEXT(B24,"MMM") -> jan | H24: =TEXT(G24,"MMM") -> jan | M24: =TEXT(L24,"MMM") -> jan | R24: =TEXT(Q24,"MMM") -> jan
C25: =TEXT(B25,"MMM") -> jan | H25: =TEXT(G25,"MMM") -> jan | M25: =TEXT(L25,"MMM") -> jan | R25: =TEXT(Q25,"MMM") -> jan
C26: =TEXT(B26,"MMM") -> jan | H26: =TEXT(G26,"MMM") -> jan | M26: =TEXT(L26,"MMM") -> jan | R26: =TEXT(Q26,"MMM") -> jan
C27: =TEXT(B27,"MMM") -> jan | H27: =TEXT(G27,"MMM") -> jan | M27: =TEXT(L27,"MMM") -> jan | R27: =TEXT(Q27,"MMM") -> jan
C28: =TEXT(B28,"MMM") -> jan | H28: =TEXT(G28,"MMM") -> jan | M28: =TEXT(L28,"MMM") -> jan | R28: =TEXT(Q28,"MMM") -> jan
C29: =TEXT(B29,"MMM") -> jan | H29: =TEXT(G29,"MMM") -> jan | M29: =TEXT(L29,"MMM") -> jan | R29: =TEXT(Q29,"MMM") -> jan
C30: =TEXT(B30,"MMM") -> jan | H30: =TEXT(G30,"MMM") -> jan | M30: =TEXT(L30,"MMM") -> jan | R30: =TEXT(Q30,"MMM") -> jan
C31: =TEXT(B31,"MMM") -> jan | H31: =TEXT(G31,"MMM") -> jan | M31: =TEXT(L31,"MMM") -> jan | R31: =TEXT(Q31,"MMM") -> jan
C32: =TEXT(B32,"MMM") -> jan | H32: =TEXT(G32,"MMM") -> jan | M32: =TEXT(L32,"MMM") -> jan | R32: =TEXT(Q32,"MMM") -> jan
... C71: =TEXT(B71,"MMM") -> jan | H71: =TEXT(G71,"MMM") -> jan | M71: =TEXT(L71,"MMM") -> jan | R71: =TEXT(Q71,"MMM") -> jan

Sheet AGOSTO
D5: PLANILHA FINANCEIRA
B16: RECEITAS | G16: DESPESAS FIXAS | L16: DESPESAS VARIÁVEIS | Q16: INVESTIMENTOS
B17: DATA | C17: MÊS | D17: DESCRIÇÃO | E17: VALOR | G17: DATA | H17: MÊS | I17: DESCRIÇÃO | J17: VALOR | L17: DATA | M17: MÊS | N17: DESCRIÇÃO | O17: VALOR | Q17: DATA | R17: MÊS | S17: DESCRIÇÃO | T17: VALOR
B18: 45870 | C18: =TEXT(B18,"MMM") -> ago | D18: SALÁRIO | E18: 0 | G18: 45880 | H18: =TEXT(G18,"MMM") -> ago | I18: ALUGUEL | J18: 0 | L18: 45898 | M18: =TEXT(L18,"MMM") -> ago | N18: VIAGEM | O18: 0 | Q18: 45884 | R18: =TEXT(Q18,"MMM") -> ago | S18: TESOURO DIRETO | T18: 0
B19: 45881 | C19: =TEXT(B19,"MMM") -> ago | D19: RENDA EXTRA | E19: 0 | G19: 45884 | H19: =TEXT(G19,"MMM") -> ago | I19: INVESTIMENTO | J19: 0 | L19: 45878 | M19: =TEXT(L19,"MMM") -> ago | N19: CAFÉ | O19: 0 | Q19: 45887 | R19: =TEXT(Q19,"MMM") -> ago | S19: CDB | T19: 0
C20: =TEXT(B20,"MMM") -> jan | G20: 45874 | H20: =TEXT(G20,"MMM") -> ago | I20: LUZ | J20: 0 | M20: =TEXT(L20,"MMM") -> jan | Q20: 45894 | R20: =TEXT(Q20,"MMM") -> ago | S20: FUNDO IMOBILIÁRIO | T20: 0
C21: =TEXT(B21,"MMM") -> jan | H21: =TEXT(G21,"MMM") -> jan | M21: =TEXT(L21,"MMM") -> jan | R21: =TEXT(Q21,"MMM") -> jan
C22: =TEXT(B22,"MMM") -> jan | H22: =TEXT(G22,"MMM") -> jan | M22: =TEXT(L22,"MMM") -> jan | R22: =TEXT(Q22,"MMM") -> jan
C23: =TEXT(B23,"MMM") -> jan | H23: =TEXT(G23,"MMM") -> jan | M23: =TEXT(L23,"MMM") -> jan | R23: =TEXT(Q23,"MMM") -> jan
C24: =TEXT(B24,"MMM") -> jan | H24: =TEXT(G24,"MMM") -> jan | M24: =TEXT(L24,"MMM") -> jan | R24: =TEXT(Q24,"MMM") -> jan
C25: =TEXT(B25,"MMM") -> jan | H25: =TEXT(G25,"MMM") -> jan | M25: =TEXT(L25,"MMM") -> jan | R25: =TEXT(Q25,"MMM") -> jan
C26: =TEXT(B26,"MMM") -> jan | H26: =TEXT(G26,"MMM") -> jan | M26: =TEXT(L26,"MMM") -> jan | R26: =TEXT(Q26,"MMM") -> jan
C27: =TEXT(B27,"MMM") -> jan | H27: =TEXT(G27,"MMM") -> jan | M27: =TEXT(L27,"MMM") -> jan | R27: =TEXT(Q27,"MMM") -> jan
C28: =TEXT(B28,"MMM") -> jan | H28: =TEXT(G28,"MMM") -> jan | M28: =TEXT(L28,"MMM") -> jan | R28: =TEXT(Q28,"MMM") -> jan
C29: =TEXT(B29,"MMM") -> jan | H29: =TEXT(G29,"MMM") -> jan | M29: =TEXT(L29,"MMM") -> jan | R29: =TEXT(Q29,"MMM") -> jan
C30: =TEXT(B30,"MMM") -> jan | H30: =TEXT(G30,"MMM") -> jan | M30: =TEXT(L30,"MMM") -> jan | R30: =TEXT(Q30,"MMM") -> jan
C31: =TEXT(B31,"MMM") -> jan | H31: =TEXT(G31,"MMM") -> jan | M31: =TEXT(L31,"MMM") -> jan | R31: =TEXT(Q31,"MMM") -> jan
C32: =TEXT(B32,"MMM") -> jan | H32: =TEXT(G32,"MMM") -> jan | M32: =TEXT(L32,"MMM") -> jan | R32: =TEXT(Q32,"MMM") -> jan
... C71: =TEXT(B71,"MMM") -> jan | H71: =TEXT(G71,"MMM") -> jan | M71: =TEXT(L71,"MMM") -> jan | R71: =TEXT(Q71,"MMM") -> jan

Sheet SETEMBRO
D5: PLANILHA FINANCEIRA
B16: RECEITAS | G16: DESPESAS FIXAS | L16: DESPESAS VARIÁVEIS | Q16: INVESTIMENTOS
B17: DATA | C17: MÊS | D17: DESCRIÇÃO | E17: VALOR | G17: DATA | H17: MÊS | I17: DESCRIÇÃO | J17: VALOR | L17: DATA | M17: MÊS | N17: DESCRIÇÃO | O17: VALOR | Q17: DATA | R17: MÊS | S17: DESCRIÇÃO | T17: VALOR
B18: 45901 | C18: =TEXT(B18,"MMM") -> set | D18: SALÁRIO | E18: 0 | G18: 45910 | H18: =TEXT(G18,"MMM") -> set | I18: ALUGUEL | J18: 0 | L18: 45922 | M18: =TEXT(L18,"MMM") -> set | N18: VIAGEM | O18: 0 | Q18: 45916 | R18: =TEXT(Q18,"MMM") -> set | S18: TESOURO DIRETO | T18: 0
B19: 45908 | C19: =TEXT(B19,"MMM") -> set | D19: RENDA EXTRA | E19: 0 | G19: 45915 | H19: =TEXT(G19,"MMM") -> set | I19: INVESTIMENTO | J19: 0 | L19: 45910 | M19: =TEXT(L19,"MMM") -> set | N19: CAFÉ | O19: 0 | Q19: 45925 | R19: =TEXT(Q19,"MMM") -> set | S19: CDB | T19: 0
C20: =TEXT(B20,"MMM") -> jan | G20: 45905 | H20: =TEXT(G20,"MMM") -> set | I20: LUZ | J20: 0 | M20: =TEXT(L20,"MMM") -> jan | Q20: 45923 | R20: =TEXT(Q20,"MMM") -> set | S20: FUNDO IMOBILIÁRIO | T20: 0
C21: =TEXT(B21,"MMM") -> jan | H21: =TEXT(G21,"MMM") -> jan | M21: =TEXT(L21,"MMM") -> jan | R21: =TEXT(Q21,"MMM") -> jan
C22: =TEXT(B22,"MMM") -> jan | H22: =TEXT(G22,"MMM") -> jan | M22: =TEXT(L22,"MMM") -> jan | R22: =TEXT(Q22,"MMM") -> jan
C23: =TEXT(B23,"MMM") -> jan | H23: =TEXT(G23,"MMM") -> jan | M23: =TEXT(L23,"MMM") -> jan | R23: =TEXT(Q23,"MMM") -> jan
C24: =TEXT(B24,"MMM") -> jan | H24: =TEXT(G24,"MMM") -> jan | M24: =TEXT(L24,"MMM") -> jan | R24: =TEXT(Q24,"MMM") -> jan
C25: =TEXT(B25,"MMM") -> jan | H25: =TEXT(G25,"MMM") -> jan | M25: =TEXT(L25,"MMM") -> jan | R25: =TEXT(Q25,"MMM") -> jan
C26: =TEXT(B26,"MMM") -> jan | H26: =TEXT(G26,"MMM") -> jan | M26: =TEXT(L26,"MMM") -> jan | R26: =TEXT(Q26,"MMM") -> jan
C27: =TEXT(B27,"MMM") -> jan | H27: =TEXT(G27,"MMM") -> jan | M27: =TEXT(L27,"MMM") -> jan | R27: =TEXT(Q27,"MMM") -> jan
C28: =TEXT(B28,"MMM") -> jan | H28: =TEXT(G28,"MMM") -> jan | M28: =TEXT(L28,"MMM") -> jan | R28: =TEXT(Q28,"MMM") -> jan
C29: =TEXT(B29,"MMM") -> jan | H29: =TEXT(G29,"MMM") -> jan | M29: =TEXT(L29,"MMM") -> jan | R29: =TEXT(Q29,"MMM") -> jan
C30: =TEXT(B30,"MMM") -> jan | H30: =TEXT(G30,"MMM") -> jan | M30: =TEXT(L30,"MMM") -> jan | R30: =TEXT(Q30,"MMM") -> jan
C31: =TEXT(B31,"MMM") -> jan | H31: =TEXT(G31,"MMM") -> jan | M31: =TEXT(L31,"MMM") -> jan | R31: =TEXT(Q31,"MMM") -> jan
C32: =TEXT(B32,"MMM") -> jan | H32: =TEXT(G32,"MMM") -> jan | M32: =TEXT(L32,"MMM") -> jan | R32: =TEXT(Q32,"MMM") -> jan
... C71: =TEXT(B71,"MMM") -> jan | H71: =TEXT(G71,"MMM") -> jan | M71: =TEXT(L71,"MMM") -> jan | R71: =TEXT(Q71,"MMM") -> jan

Sheet OUTUBRO
D5: PLANILHA FINANCEIRA
B16: RECEITAS | G16: DESPESAS FIXAS | L16: DESPESAS VARIÁVEIS | Q16: INVESTIMENTOS
B17: DATA | C17: MÊS | D17: DESCRIÇÃO | E17: VALOR | G17: DATA | H17: MÊS | I17: DESCRIÇÃO | J17: VALOR | L17: DATA | M17: MÊS | N17: DESCRIÇÃO | O17: VALOR | Q17: DATA | R17: MÊS | S17: DESCRIÇÃO | T17: VALOR
B18: 45931 | C18: =TEXT(B18,"MMM") -> out | D18: SALÁRIO | E18: 0 | G18: 45940 | H18: =TEXT(G18,"MMM") -> out | I18: ALUGUEL | J18: 0 | L18: 45940 | M18: =TEXT(L18,"MMM") -> out | N18: VIAGEM | O18: 0 | Q18: 45945 | R18: =TEXT(Q18,"MMM") -> out | S18: TESOURO DIRETO | T18: 0
B19: 45938 | C19: =TEXT(B19,"MMM") -> out | D19: RENDA EXTRA | E19: 0 | G19: 45945 | H19: =TEXT(G19,"MMM") -> out | I19: INVESTIMENTO | J19: 0 | L19: 45922 | M19: =TEXT(L19,"MMM") -> set | N19: CAFÉ | O19: 0 | Q19: 45950 | R19: =TEXT(Q19,"MMM") -> out | S19: CDB | T19: 0
C20: =TEXT(B20,"MMM") -> jan | G20: 45936 | H20: =TEXT(G20,"MMM") -> out | I20: LUZ | J20: 0 | M20: =TEXT(L20,"MMM") -> jan | Q20: 45957 | R20: =TEXT(Q20,"MMM") -> out | S20: FUNDO IMOBILIÁRIO | T20: 0
C21: =TEXT(B21,"MMM") -> jan | H21: =TEXT(G21,"MMM") -> jan | M21: =TEXT(L21,"MMM") -> jan | R21: =TEXT(Q21,"MMM") -> jan
C22: =TEXT(B22,"MMM") -> jan | H22: =TEXT(G22,"MMM") -> jan | M22: =TEXT(L22,"MMM") -> jan | R22: =TEXT(Q22,"MMM") -> jan
C23: =TEXT(B23,"MMM") -> jan | H23: =TEXT(G23,"MMM") -> jan | M23: =TEXT(L23,"MMM") -> jan | R23: =TEXT(Q23,"MMM") -> jan
C24: =TEXT(B24,"MMM") -> jan | H24: =TEXT(G24,"MMM") -> jan | M24: =TEXT(L24,"MMM") -> jan | R24: =TEXT(Q24,"MMM") -> jan
C25: =TEXT(B25,"MMM") -> jan | H25: =TEXT(G25,"MMM") -> jan | M25: =TEXT(L25,"MMM") -> jan | R25: =TEXT(Q25,"MMM") -> jan
C26: =TEXT(B26,"MMM") -> jan | H26: =TEXT(G26,"MMM") -> jan | M26: =TEXT(L26,"MMM") -> jan | R26: =TEXT(Q26,"MMM") -> jan
C27: =TEXT(B27,"MMM") -> jan | H27: =TEXT(G27,"MMM") -> jan | M27: =TEXT(L27,"MMM") -> jan | R27: =TEXT(Q27,"MMM") -> jan
C28: =TEXT(B28,"MMM") -> jan | H28: =TEXT(G28,"MMM") -> jan | M28: =TEXT(L28,"MMM") -> jan | R28: =TEXT(Q28,"MMM") -> jan
C29: =TEXT(B29,"MMM") -> jan | H29: =TEXT(G29,"MMM") -> jan | M29: =TEXT(L29,"MMM") -> jan | R29: =TEXT(Q29,"MMM") -> jan
C30: =TEXT(B30,"MMM") -> jan | H30: =TEXT(G30,"MMM") -> jan | M30: =TEXT(L30,"MMM") -> jan | R30: =TEXT(Q30,"MMM") -> jan
C31: =TEXT(B31,"MMM") -> jan | H31: =TEXT(G31,"MMM") -> jan | M31: =TEXT(L31,"MMM") -> jan | R31: =TEXT(Q31,"MMM") -> jan
C32: =TEXT(B32,"MMM") -> jan | H32: =TEXT(G32,"MMM") -> jan | M32: =TEXT(L32,"MMM") -> jan | R32: =TEXT(Q32,"MMM") -> jan
... C71: =TEXT(B71,"MMM") -> jan | H71: =TEXT(G71,"MMM") -> jan | M71: =TEXT(L71,"MMM") -> jan | R71: =TEXT(Q71,"MMM") -> jan

Sheet NOVEMBRO
D5: PLANILHA FINANCEIRA
B16: RECEITAS | G16: DESPESAS FIXAS | L16: DESPESAS VARIÁVEIS | Q16: INVESTIMENTOS
B17: DATA | C17: MÊS | D17: DESCRIÇÃO | E17: VALOR | G17: DATA | H17: MÊS | I17: DESCRIÇÃO | J17: VALOR | L17: DATA | M17: MÊS | N17: DESCRIÇÃO | O17: VALOR | Q17: DATA | R17: MÊS | S17: DESCRIÇÃO | T17: VALOR
B18: 45964 | C18: =TEXT(B18,"MMM") -> nov | D18: SALÁRIO | E18: 0 | G18: 45971 | H18: =TEXT(G18,"MMM") -> nov | I18: ALUGUEL | J18: 0 | L18: 45975 | M18: =TEXT(L18,"MMM") -> nov | N18: VIAGEM | O18: 0 | Q18: 45978 | R18: =TEXT(Q18,"MMM") -> nov | S18: TESOURO DIRETO | T18: 0
B19: 45974 | C19: =TEXT(B19,"MMM") -> nov | D19: RENDA EXTRA | E19: 0 | G19: 45978 | H19: =TEXT(G19,"MMM") -> nov | I19: INVESTIMENTO | J19: 0 | L19: 45986 | M19: =TEXT(L19,"MMM") -> nov | N19: CAFÉ | O19: 0 | Q19: 45981 | R19: =TEXT(Q19,"MMM") -> nov | S19: CDB | T19: 0
C20: =TEXT(B20,"MMM") -> jan | G20: 45966 | H20: =TEXT(G20,"MMM") -> nov | I20: LUZ | J20: 0 | M20: =TEXT(L20,"MMM") -> jan | Q20: 45986 | R20: =TEXT(Q20,"MMM") -> nov | S20: FUNDO IMOBILIÁRIO | T20: 0
C21: =TEXT(B21,"MMM") -> jan | H21: =TEXT(G21,"MMM") -> jan | M21: =TEXT(L21,"MMM") -> jan | R21: =TEXT(Q21,"MMM") -> jan
C22: =TEXT(B22,"MMM") -> jan | H22: =TEXT(G22,"MMM") -> jan | M22: =TEXT(L22,"MMM") -> jan | R22: =TEXT(Q22,"MMM") -> jan
C23: =TEXT(B23,"MMM") -> jan | H23: =TEXT(G23,"MMM") -> jan | M23: =TEXT(L23,"MMM") -> jan | R23: =TEXT(Q23,"MMM") -> jan
C24: =TEXT(B24,"MMM") -> jan | H24: =TEXT(G24,"MMM") -> jan | M24: =TEXT(L24,"MMM") -> jan | R24: =TEXT(Q24,"MMM") -> jan
C25: =TEXT(B25,"MMM") -> jan | H25: =TEXT(G25,"MMM") -> jan | M25: =TEXT(L25,"MMM") -> jan | R25: =TEXT(Q25,"MMM") -> jan
C26: =TEXT(B26,"MMM") -> jan | H26: =TEXT(G26,"MMM") -> jan | M26: =TEXT(L26,"MMM") -> jan | R26: =TEXT(Q26,"MMM") -> jan
C27: =TEXT(B27,"MMM") -> jan | H27: =TEXT(G27,"MMM") -> jan | M27: =TEXT(L27,"MMM") -> jan | R27: =TEXT(Q27,"MMM") -> jan
C28: =TEXT(B28,"MMM") -> jan | H28: =TEXT(G28,"MMM") -> jan | M28: =TEXT(L28,"MMM") -> jan | R28: =TEXT(Q28,"MMM") -> jan
C29: =TEXT(B29,"MMM") -> jan | H29: =TEXT(G29,"MMM") -> jan | M29: =TEXT(L29,"MMM") -> jan | R29: =TEXT(Q29,"MMM") -> jan
C30: =TEXT(B30,"MMM") -> jan | H30: =TEXT(G30,"MMM") -> jan | M30: =TEXT(L30,"MMM") -> jan | R30: =TEXT(Q30,"MMM") -> jan
C31: =TEXT(B31,"MMM") -> jan | H31: =TEXT(G31,"MMM") -> jan | M31: =TEXT(L31,"MMM") -> jan | R31: =TEXT(Q31,"MMM") -> jan
C32: =TEXT(B32,"MMM") -> jan | H32: =TEXT(G32,"MMM") -> jan | M32: =TEXT(L32,"MMM") -> jan | R32: =TEXT(Q32,"MMM") -> jan
... C71: =TEXT(B71,"MMM") -> jan | H71: =TEXT(G71,"MMM") -> jan | M71: =TEXT(L71,"MMM") -> jan | R71: =TEXT(Q71,"MMM") -> jan

Sheet DEZEMBRO
D5: PLANILHA FINANCEIRA
B16: RECEITAS | G16: DESPESAS FIXAS | L16: DESPESAS VARIÁVEIS | Q16: INVESTIMENTOS
B17: DATA | C17: MÊS | D17: DESCRIÇÃO | E17: VALOR | G17: DATA | H17: MÊS | I17: DESCRIÇÃO | J17: VALOR | L17: DATA | M17: MÊS | N17: DESCRIÇÃO | O17: VALOR | Q17: DATA | R17: MÊS | S17: DESCRIÇÃO | T17: VALOR
B18: 45996 | C18: =TEXT(B18,"MMM") -> dez | D18: SALÁRIO | E18: 0 | G18: 46001 | H18: =TEXT(G18,"MMM") -> dez | I18: ALUGUEL | J18: 0 | L18: 46013 | M18: =TEXT(L18,"MMM") -> dez | N18: VIAGEM | O18: 0 | Q18: 46006 | R18: =TEXT(Q18,"MMM") -> dez | S18: TESOURO DIRETO | T18: 0
B19: 46000 | C19: =TEXT(B19,"MMM") -> dez | D19: RENDA EXTRA | E19: 0 | G19: 46006 | H19: =TEXT(G19,"MMM") -> dez | I19: INVESTIMENTO | J19: 0 | L19: 46009 | M19: =TEXT(L19,"MMM") -> dez | N19: CAFÉ | O19: 0 | Q19: 46013 | R19: =TEXT(Q19,"MMM") -> dez | S19: CDB | T19: 0
C20: =TEXT(B20,"MMM") -> jan | G20: 45996 | H20: =TEXT(G20,"MMM") -> dez | I20: LUZ | J20: 0 | M20: =TEXT(L20,"MMM") -> jan | Q20: 46017 | R20: =TEXT(Q20,"MMM") -> dez | S20: FUNDO IMOBILIÁRIO | T20: 0
C21: =TEXT(B21,"MMM") -> jan | H21: =TEXT(G21,"MMM") -> jan | M21: =TEXT(L21,"MMM") -> jan | R21: =TEXT(Q21,"MMM") -> jan
C22: =TEXT(B22,"MMM") -> jan | H22: =TEXT(G22,"MMM") -> jan | M22: =TEXT(L22,"MMM") -> jan | R22: =TEXT(Q22,"MMM") -> jan
C23: =TEXT(B23,"MMM") -> jan | H23: =TEXT(G23,"MMM") -> jan | M23: =TEXT(L23,"MMM") -> jan | R23: =TEXT(Q23,"MMM") -> jan
C24: =TEXT(B24,"MMM") -> jan | H24: =TEXT(G24,"MMM") -> jan | M24: =TEXT(L24,"MMM") -> jan | R24: =TEXT(Q24,"MMM") -> jan
C25: =TEXT(B25,"MMM") -> jan | H25: =TEXT(G25,"MMM") -> jan | M25: =TEXT(L25,"MMM") -> jan | R25: =TEXT(Q25,"MMM") -> jan
C26: =TEXT(B26,"MMM") -> jan | H26: =TEXT(G26,"MMM") -> jan | M26: =TEXT(L26,"MMM") -> jan | R26: =TEXT(Q26,"MMM") -> jan
C27: =TEXT(B27,"MMM") -> jan | H27: =TEXT(G27,"MMM") -> jan | M27: =TEXT(L27,"MMM") -> jan | R27: =TEXT(Q27,"MMM") -> jan
C28: =TEXT(B28,"MMM") -> jan | H28: =TEXT(G28,"MMM") -> jan | M28: =TEXT(L28,"MMM") -> jan | R28: =TEXT(Q28,"MMM") -> jan
C29: =TEXT(B29,"MMM") -> jan | H29: =TEXT(G29,"MMM") -> jan | M29: =TEXT(L29,"MMM") -> jan | R29: =TEXT(Q29,"MMM") -> jan
C30: =TEXT(B30,"MMM") -> jan | H30: =TEXT(G30,"MMM") -> jan | M30: =TEXT(L30,"MMM") -> jan | R30: =TEXT(Q30,"MMM") -> jan
C31: =TEXT(B31,"MMM") -> jan | H31: =TEXT(G31,"MMM") -> jan | M31: =TEXT(L31,"MMM") -> jan | R31: =TEXT(Q31,"MMM") -> jan
C32: =TEXT(B32,"MMM") -> jan | H32: =TEXT(G32,"MMM") -> jan | M32: =TEXT(L32,"MMM") -> jan | R32: =TEXT(Q32,"MMM") -> jan
... C71: =TEXT(B71,"MMM") -> jan | H71: =TEXT(G71,"MMM") -> jan | M71: =TEXT(L71,"MMM") -> jan | R71: =TEXT(Q71,"MMM") -> jan
